General information
			
			
        
        - name: 1v1 OBS TM #3
 
        - type: Custom game
 
        - host: ActionJackson3
 
        - saver: TIMG4STRok
 
        
map: TwistedMeadows 
        - players: 12
 
        - length: 22:07
 
        - speed: Fast
 - version: 1.22 W3XP
 - replay type:  

 
» download(105 KB)
Players
        team 1 (winner) 
              
              
ActionJackson3 (
red | 163 APM | 3600 actions | 22:07)
              
 5 Archmage 
 3 Summon Water Elemental
 2 Brilliance Aura
 5 Mountain King 
 3 Storm Bolt
 2 Bash
 
                » actions 
                
                | Assign group hotkey | 79 |  | 
| Basic commands | 511 |  | 
| Build / train | 94 |  | 
| Enter build submenu | 35 |  | 
| Enter hero's abilities submenu | 12 |  | 
| Give item / drop item | 6 |  | 
| Right click | 879 |  | 
| Select / deselect | 513 |  | 
| Select group hotkey | 1358 |  | 
| Use ability | 113 |  | 
                3600 total
 » units 
                
                | Peasant | 21 |  | 
| Footman | 6 |  | 
| Rifleman | 8 |  | 
| Sorceress | 1 |  | 
| Priest | 5 |  | 
| Spell Breaker | 9 |  | 
| Mortar Team | 2 |  | 
                52 total
 » upgrades
                
                | Sorceress Training | 1 |  | 
| Priest Training | 1 |  | 
| Gunpowder | 2 |  | 
| Swords | 2 |  | 
| Lumber Harvesting | 1 |  | 
| Magic Sentry | 1 |  | 
| Masonry | 2 |  | 
| Plating | 2 |  | 
| Long Rifles | 1 |  | 
| Armor | 1 |  | 
| Flare | 1 |  | 
                15 total
 » buildings
                
                | Altar of Kings | 1 |  | 
| Barracks | 1 |  | 
| Farm | 23 |  | 
| Scout Tower | 1 |  | 
| Arcane Tower | 1 |  | 
| Keep | 1 |  | 
| Arcane Vault | 1 |  | 
| Blacksmith | 1 |  | 
| Arcane Sanctum | 2 |  | 
| Town Hall | 2 |  | 
| Lumber Mill | 1 |  | 
| Workshop | 1 |  | 
| Castle | 1 |  | 
                37 total
 » build order
                00:09 Altar of Kings
00:13 Barracks
00:17 Farm
00:46 Farm
01:31 Farm
01:52 Scout Tower
02:36 Arcane Tower
03:50 Keep
03:55 Arcane Vault
04:22 Farm
04:22 Farm
06:07 Blacksmith
06:32 Arcane Sanctum
07:27 Town Hall
07:33 Farm
08:23 Farm
08:33 Farm
09:19 Arcane Sanctum
10:23 Farm
11:26 Farm
12:39 Lumber Mill
12:55 Farm
13:38 Workshop
13:50 Farm
14:48 Farm
15:36 Farm
15:50 Farm
16:31 Farm
17:07 Town Hall
17:17 Farm
17:19 Farm
17:21 Farm
19:10 Farm
19:49 Castle
19:52 Farm
20:37 Farm
20:37 Farm
» items
                
                | Scroll of Regeneration | 1 |  | 
| Lesser Clarity Potion | 1 |  | 
| Boots of Speed | 1 |  | 
| Potion of Lesser Invulnerability | 2 |  | 
| Scroll of Healing | 4 |  | 
| Scroll of Town Portal | 3 |  | 
                12 total
  
               team 2 (loser) 
              
              
TIMG4STRok (
gray | 169 APM | 3737 actions | 22:07)
              
 5 Demon Hunter 
 3 Mana Burn
 2 Evasion
 4 Pandaren Brewmaster 
 2 Breath of Fire
 1 Drunken Haze
 1 Drunken Brawler
 
                » actions 
                
                | Assign group hotkey | 30 |  | 
| Basic commands | 163 |  | 
| Build / train | 76 |  | 
| ESC pressed | 3 |  | 
| Enter build submenu | 19 |  | 
| Enter hero's abilities submenu | 9 |  | 
| Give item / drop item | 2 |  | 
| Right click | 1688 |  | 
| Select / deselect | 418 |  | 
| Select group hotkey | 1198 |  | 
| Use ability | 131 |  | 
                3737 total
 » units 
                
                | Wisp | 18 |  | 
| Archer | 6 |  | 
| Dryad | 8 |  | 
| Druid of the Claw | 6 |  | 
                38 total
 » upgrades
                
                | Abolish Magic | 1 |  | 
| Druid of the Claw Training | 2 |  | 
| Well Spring | 1 |  | 
| Strength of the Wild | 1 |  | 
| Ultravision | 1 |  | 
| Reinforced Hides | 1 |  | 
                7 total
 » buildings
                
                | Altar of Elders | 1 |  | 
| Moon Well | 8 |  | 
| Ancient of War | 1 |  | 
| Tree of Ages | 1 |  | 
| Hunter's Hall | 2 |  | 
| Ancient of Lore | 2 |  | 
| Ancient of Wonders | 1 |  | 
| Tree of Eternity | 1 |  | 
| Tree of Life | 1 |  | 
| Ancient of Wind | 1 |  | 
                19 total
 » build order
                00:04 Altar of Elders
00:18 Moon Well
00:36 Ancient of War
01:42 Moon Well
02:51 Tree of Ages
03:17 Hunter's Hall
04:47 Moon Well
05:33 Ancient of Lore
05:48 Ancient of Wonders
06:08 Ancient of Lore
07:53 Tree of Eternity
08:43 Moon Well
13:52 Moon Well
16:38 Moon Well
16:41 Moon Well
16:44 Moon Well
18:40 Tree of Life
19:44 Ancient of Wind
19:59 Hunter's Hall
» items
                
                | Boots of Speed | 5 |  | 
| Staff of Teleportation | 1 |  | 
| Staff of Preservation | 1 |  | 
| Moonstone | 1 |  | 
| Potion of Healing | 2 |  | 
| Lesser Clarity Potion | 1 |  | 
| Orb of Venom | 1 |  | 
| Scroll of Healing | 2 |  | 
| Scroll of Town Portal | 1 |  | 
                15 total
  
               observersLordrea, 
greedoFthenoob, 
ElectricCoolAid, 
t1.reset, 
kunt.roII, 
t(u.ut), 
Noob_1, 
Gobiner, 
sexytime-, 
TALONSAREIMBA Chat log
          (00:15 / All) TIMG4STRok: gg gl
(00:29 / All) ActionJackson3: don't turn away from me
(00:33 / All) ActionJackson3: I need you to hold onto
(00:36 / All) ActionJackson3: don't tear away from me
(00:40 / All) ActionJackson3: I need someone to hold onto
(01:15 / All) TIMG4STRok: oh gay
(01:15 / All) ActionJackson3: there's nothin left for me
(03:40 / All) ActionJackson3: you fuckin promised me
(04:28 / All) ActionJackson3: help me
(04:32 / All) ActionJackson3: i've broke apart my insides
(04:33 / All) ActionJackson3: help me
(04:36 / All) ActionJackson3: i've got no soul to sell
(04:38 / All) ActionJackson3: help me
(04:40 / All) ActionJackson3: the only thing that works for me
(04:43 / All) ActionJackson3: help me get away from myself
(05:31 / All) ActionJackson3: you can't have my isolation
(05:37 / All) ActionJackson3: you can't have the hate that it brings
(05:41 / All) ActionJackson3: you can't have my absence of faith
(05:44 / All) ActionJackson3: you can't have my everything
(05:48 / All) ActionJackson3: help me
(05:51 / All) ActionJackson3: you tear down my reason
(05:52 / All) ActionJackson3: help me
(05:55 / All) ActionJackson3: so sex I can smell
(06:02 / All) ActionJackson3: help me
(06:05 / All) ActionJackson3: you make me perfect
(06:25 / All) ActionJackson3: my whole existence is flawed
(08:33 / All) ActionJackson3: the eraser is on
(08:34 / All) TIMG4STRok: manner please 
(08:37 / All) TIMG4STRok: sexytime
(13:21 / All) TIMG4STRok: manner please
(16:39 / All) ActionJackson3: starfuckers inc.
(22:05 / All) TIMG4STRok: gg